← All builds
Suicide front / Armada / Factory first / OBSERVED BUILD

Standard suicide front

Armada Suicide front build order · Supreme Isthmus

The role's baseline: Bot Lab at 0:21 then straight into reclaim-fed T1 bot production to contest the middle and hold until T2 arrives, with an Advanced Metal Extractor around 9:45.

#rush · 2010 distinct matches · 229 players · 72% of Armada Suicide front games · team won 59% of 2383 · Recently observed

HOW TO PLAY IT

Key timing: Bot Lab by 0:20

  1. Open with mex and lab-first to get Bot Lab up by 0:20.
  2. Expand mex and wind while lab pumps units toward middle.
  3. Push Sentry and early Rocketeer, Centurion to contest middle.
  4. Get T2 constructor out once Pond's boost lets you spare metal.
  5. Upgrade mex to Advanced Metal Extractor as you transition off T1 spam.

Phase by phase

TYPICAL OF ITS 2010 GAMES
  1. 1
  2. 2
  3. 3
PLAY THE OPENING

Follow the example game's first 6:00 step by step: what to build now, what comes next, and where it goes. At 1× it keeps pace with your own game.

  1. 1

    Bot Lab first

    Order
    1. Bot LabBot Lab done ~0:21, middle half 0:20–0:33

    Some games also: mex (44%)

  2. 2

    Bot Lab to 5:00

    Economy
    • Metal Extractor5Mex
    • Wind Turbine4Wind
    Builders
    • Construction Bot3 Con bot
    • Lazarus2 Lazarus
    Army
    • Sentry4 Sentry
    • Rocketeer16 Rocketeer
    • Tick2 Tick
    • Centurion1 Centurion
    Other
    • Radar Tower1 Radar Tower

    Some games also: pawn (38%) · con turret (34%)

    By 5:00 in all: 5 mex · 4 wind

    The example game in this phase · 36 steps
    1. TickTick
    2. Mex
    3. TickTick
    4. LazarusLazarus
    5. Construction BotCon bot
    6. PawnPawn ×3
    7. Construction BotCon bot
    8. RocketeerRocketeer ×3
    9. SentrySentry
    10. RocketeerRocketeer ×2
    11. Mex
    12. SentrySentry
    13. Radar TowerRadar Tower
    14. PawnPawn
    15. Radar TowerRadar Tower
    16. PawnPawn ×3
    17. RocketeerRocketeer
    18. Mex
    19. Construction BotCon bot
    20. SentrySentry
    21. RocketeerRocketeer
    22. BeamerBeamer
    23. RocketeerRocketeer
    24. BeamerBeamer
    25. RocketeerRocketeer
    26. TickTick
    27. PawnPawn ×3
    28. RocketeerRocketeer
    29. BeamerBeamer
    30. RocketeerRocketeer
    31. Wind
    32. RocketeerRocketeer
    33. Con turret
    34. Energy storage
    35. RocketeerRocketeer
    36. Dragon's TeethDragon's Teeth ×3
  3. 3

    5:00 to 10:00

    Economy
    • Metal Extractor1Mex
    • Wind Turbine15Wind
    Builders
    • Construction Turret2 Con turret
    • Lazarus2 Lazarus
    • Construction Bot1 Con bot
    Army
    • Sentry1 Sentry
    • Rocketeer8 Rocketeer

    Some games also: pawn (49%) · Radar Tower (46%) · tick (45%) · centurion (44%) · energy storage (43%) · eat Bot Lab (31%)

    By 10:00 in all: 6 mex · 21 wind · 1 energy storage · 2 con turret

    The example game in this phase · 57 steps
    1. Dragon's TeethDragon's Teeth
    2. Mex
    3. RocketeerRocketeer ×2
    4. Wind
    5. RocketeerRocketeer
    6. Wind
    7. RocketeerRocketeer
    8. SentrySentry
    9. Wind
    10. RocketeerRocketeer
    11. NettleNettle
    12. RocketeerRocketeer
    13. Wind
    14. RocketeerRocketeer
    15. Wind
    16. TickTick ×2
    17. MaceMace
    18. SentrySentry
    19. RocketeerRocketeer
    20. SentrySentry
    21. RocketeerRocketeer
    22. Con turret
    23. PawnPawn ×2
    24. SentrySentry
    25. PawnPawn ×4
    26. RocketeerRocketeer ×4
    27. CenturionCenturion
    28. Con turret
    29. LazarusLazarus
    30. RocketeerRocketeer ×4
    31. Converter
    32. RocketeerRocketeer
    33. TickTick ×2
    34. CenturionCenturion
    35. Dragon's TeethDragon's Teeth
    36. Wind
    37. Dragon's TeethDragon's Teeth ×3
    38. CenturionCenturion
    39. Wind
    40. TickTick ×8
    41. Wind
    42. TickTick ×2
    43. Wind ×2
    44. MaceMace
    45. CenturionCenturion
    46. Con turret
    47. Mex
    48. PawnPawn
    49. MaceMace
    50. TickTick ×3
    51. SentrySentry
    52. TickTick ×4
    53. BeamerBeamer
    54. Mex
    55. BeamerBeamer
    56. Bot LabBot Labnot finished by 15:00
    57. SentrySentry

Counts are medians over the build's games: half of them build more, half fewer. The example game is Tink3r's (34 OS, 01/10/2026); pick another.

Team trades

IN AT LEAST 30% OF ITS GAMES

You hand over

Nothing regular.

You get

  • Tidal Generator4 Tidal from Pondfirst at 0:10 · in 68% of games
  • Advanced Construction Bot1 T2 con bot from Geo or Techfirst at 7:41 · in 57% of games

How it plays out

Typical game of this build, running totals by minute

Metal produced

010k20k
0:005:0010:0015:00

metal

Enemy metal destroyed

05k10k
0:005:0010:0015:00

metal

Own metal lost

05k10k
0:005:0010:0015:00

metal

2383 games.

Show as table
ByMetal produced: This buildEnemy metal destroyed: This buildOwn metal lost: This build
1:0023000
2:0088700
3:002009184130
4:003110645501
5:00418513571000
6:00534921831712
7:00653930512597
8:00776039393502
9:00904647004376
10:001041853145163
11:001189458585965
12:001360664076686
13:001540768797437
14:001729875058212
15:001926981098991
WHAT THE NUMBERS SAY

Standard Suicide front play wins a bit over half its games while taking the heaviest own losses of any role by 15:00.

  • + Produces 20142 metal by 15:00, highest of the front roles.
  • + First kill by 2:01 in all games, fastest contest of middle.
  • − Own metal lost hits 9178 by 15:00, more than enemy metal destroyed.
  • − Only 34% Rocketeer share shows army spread thin across many bot types.
THE EXAMPLE YOU ARE READING

Tink3r

33.6 OS · 01/10/2026

Open source match ↗

5 received units
157 metal received · 22209 energy received

Allied construction assistance is unknown. Timings are observations, not a promise of solo reproducibility.

Typical milestones

Bot Lab0:21Middle 50%: 0:20–0:33 · n=2375
Advanced Metal Extractor9:46Middle 50%: 8:50–10:58 · n=1723

Played most by

_X_262games of this buildPlatinumBlonde188games of this buildXad166games of this buildTrapCaT107games of this buildImmort80games of this build